 Dungeon Crawl Stone Soup version 0.25-a0-42-g6c54e25894 (webtiles) character file.

Game seed: 2806049805056263032, levelgen mode: deterministic

70 Arixos the Ducker (level 4, 19/19 HPs)
             Began as a Felid Ice Elementalist on Oct 23, 2019.
             Quit the game on level 4 of the Dungeon.
             The game lasted 00:18:48 (4875 turns).

Arixos the Ducker (Felid Ice Elementalist)          Turns: 4875, Time: 00:18:48

Health: 19/19      AC:  1    Str:  8    XL:     4   Next: 4%
Magic:  9/9        EV: 19    Int: 17    God:
Gold:   135        SH:  0    Dex: 17    Spells: 2/9 levels left
                                        Lives:  0   Deaths: 1

rFire    . . .     SeeInvis +   (weapon unavailable)
rCold    . . .     Gourm    .   (shield unavailable)
rNeg     . . .     Faith    .   (armour unavailable)
rPois    .         Spirit   .   (helmet unavailable)
rElec    .         Reflect  .   (cloak unavailable)
rCorr    .         Harm     .   (gloves unavailable)
MR       .....                  (boots unavailable)
Stlth    +++.......             (no amulet)
HPRegen  0.06/turn              n - +4 ring of strength
MPRegen  0.11/turn              (no ring)

@: quick
A: very small, no armour, no weapons or thrown items, stealth, claws 1, fangs 3,
see invisible, carnivore, speed 1, shaggy fur 1, slow metabolism 1, sharp paws
a: no special abilities


You were on level 4 of the Dungeon.
You were not hungry.

You visited 1 branch of the dungeon, and saw 4 of its levels.

You collected 135 gold pieces.

Inventory:

Jewellery
 n - a +4 ring of strength (left paw)
Scrolls
 d - a scroll of immolation {unknown}
 e - 4 scrolls of identify {unknown}
 h - 2 scrolls of enchant weapon {unknown}
 i - 2 scrolls of teleportation {unknown}
 k - 2 scrolls of amnesia {unknown}
 l - 2 scrolls of enchant armour {unknown}
Potions
 a - a potion of invisibility {unknown}
 c - a potion of cancellation {unknown}
 f - a potion of magic {unknown}
 g - a potion of lignification
 m - 2 potions of agility {unknown}
Comestibles
 b - 5 rations


   Skills:
 + Level 1.6 Fighting
 + Level 3.8 Dodging
 - Level 2.6 Stealth
 + Level 3.2 Spellcasting
 + Level 1.7 Conjurations
 + Level 3.2 Ice Magic


You had 2 spell levels left.
You knew the following spells:

 Your Spells              Type           Power        Failure   Level  Hunger
a - Throw Frost           Conj/Ice       ##....       10%         2    ##.....
q - Freeze                Ice            ##..         4%          1    None
r - Throw Icicle          Conj/Ice       ##......     52%         4    ####...

Your spell library contained the following spells:

 Spells                   Type           Power        Failure   Level  Hunger
 Ozocubu's Armour         Chrm/Ice       #.......     26%         3    ###....
 Summon Ice Beast         Ice/Summ       #.......     65%         4    ####...


Dungeon Overview and Level Annotations

Branches:
Dungeon (4/15)
 Temple: D:4-7

Altars:

Annotations:
D:3 Crazy Yiuf, Sigmund


Innate Abilities, Weirdness & Mutations

You cannot wear armour.
You are incapable of wielding weapons or throwing items.
Your paws allow you to move quietly. (Stealth)
You have sharp claws.
You have razor-sharp teeth.
You have supernaturally acute eyesight. (SInv)
You are carnivorous and can eat meat at any time.
You cover ground quickly.
You are covered in fur. (AC +1)
You have a slow metabolism.
Your sharp claws are effective at attacking unaware monsters.


Message History

You hit the worker ant but do no damage.
The worker ant is severely wounded.
The worker ant bites you.
* * * LOW HITPOINT WARNING * * *
You are lethally poisoned!
The worker ant poisons you!
The gnoll throws a stone.
The stone hits you but does no damage.
Your magical contamination has completely faded away.
You hit the worker ant but do no damage.
The worker ant is severely wounded.
* * * LOW HITPOINT WARNING * * *
You feel sick. The worker ant bites you.
You die...
Your shape twists and changes as you die.
The gnoll throws a stone.
The stone barely misses you. The worker ant bites you.
You are now level 4!
You feel less wooden.
You rejoin the land of the living...
Are you sure you want to abandon this character and quit the game? (Confirm with "yes".)

# # .g #. #
##### #
......######
#
.......@...#
#
##########.#
# # # #


There were no monsters in sight!

Vanquished Creatures
  An orc priest (D:3)
  2 adders
  3 gnolls (D:4)
  2 oozes (D:2)
  2 worms (D:2)
  2 dart slugs
  A leopard gecko (D:3)
  3 orcs
  8 bats
  3 goblins
  5 hobgoblins
  2 jackals (D:2)
  4 kobolds
  A quokka (D:2)
  2 ball pythons
  2 frilled lizards
  7 rats
50 creatures vanquished.

Notes
Turn   | Place    | Note
-------+----------+-------------------------------------------
     0 | D:1      | Arixos the Felid Ice Elementalist began the quest for the
                  | Orb.
     0 | D:1      | Reached XP level 1. HP: 7/7 MP: 4/4
   356 | D:1      | Reached XP level 2. HP: 11/12 MP: 6/6
   360 | D:1      | Learned a level 2 spell: Throw Frost
  1311 | D:2      | Reached skill level 1 in Conjurations
  1311 | D:2      | Reached XP level 3. HP: 7/15 MP: 0/7
  1543 | D:2      | Reached skill level 1 in Fighting
  3306 | D:3      | Reached XP level 4. HP: 19/19 MP: 1/9
  3377 | D:3      | Learned a level 4 spell: Throw Icicle
  3847 | D:3      | Found a runed translucent door.
  3872 | D:3      | Noticed Crazy Yiuf
  4154 | D:3      | Noticed Sigmund
  4748 | D:4      | Reached XP level 5. HP: 22/22 MP: 1/10
  4874 | D:4      | Slain by a worker ant
  4875 | D:4      | Reached XP level 4. HP: 0/28 MP: 1/9
  4875 | D:4      | Quit the game

Levels and vault maps discovered:
D:1:      lightli_arrival_chessboard, layout_basic
D:2:      layout_basic
D:3:      layout_rooms, grunt_ministairs_11, uniq_crazy_yiuf_cottage,
          uniq_sigmund
D:4:      layout_loops_ring, first_ration, uniq_grinder

Skill      XL: |  1  2  3 |
---------------+----------+-----
Dodging        | 3 |  3.8
Conjurations   | 1 |  1.7
Fighting       | 1 |  1.6
Ice Magic      | 3 |  3.2
Spellcasting   | 3 |  3.2
Stealth        | |  2.6

Action                   |  1- 3 |  4- 6 || total
-------------------------+-------+-------++-------
Melee: Unarmed           |    27 |    14 ||    41
       Bite              |     4 |     1 ||     5
 Cast: Freeze            |    46 |    17 ||    63
       Throw Frost       |    36 |    27 ||    63
       Throw Icicle      |       |     1 ||     1
  Use: Potion            |     2 |     1 ||     3
 Stab: Sleeping          |     9 |     3 ||    12
  Eat: Chunk             |    14 |     4 ||    18
Armor: Skin              |     3 |     8 ||    11
Dodge: Dodged            |    51 |    22 ||    73

Table legend:
 A = Non-vault XP
 B = Vault XP
 C = Vault XP percentage of total XP
 D = Non-vault monster count
 E = Vault monster count
 F = Vault count percentage of total count
                 A         B        C        D         E       F
            +---------+---------+-------+---------+---------+-------
      Total |     201 |       3 |   1.5 |      48 |       2 |   4.0
            +---------+---------+-------+---------+---------+-------
        D:1 |      22 |       0 |   0.0 |      13 |       0 |   0.0
        D:2 |      60 |       0 |   0.0 |      18 |       0 |   0.0
        D:3 |      74 |       3 |   3.9 |      13 |       2 |  13.3
        D:4 |      45 |       0 |   0.0 |       4 |       0 |   0.0
            +---------+---------+-------+---------+---------+-------
